 Dungeon Crawl Stone Soup version 0.22-a0-136-g83a10e5 (webtiles) character file.

325 hpc the Chopper (level 6, -1/55 HPs)
             Began as a Hill Orc Fighter on Feb 2, 2018.
             Slain by an ogre
             ... wielding a +0 giant club
              (22 damage)
             ... on level 4 of the Dungeon.
             The game lasted 00:04:00 (2644 turns).

hpc the Chopper (Hill Orc Fighter)                  Turns: 2644, Time: 00:04:01

Health: -1/55      AC:  9    Str: 19    XL:     6   Next: 48%
Magic:  6/6        EV:  5    Int:  8    God:
Gold:   64         SH:  9    Dex: 12    Spells: 5/5 levels left

rFire    . . .     SeeInvis .   a - +0 war axe
rCold    . . .     Gourm    .   c - +0 shield
rNeg     . . .     Faith    .   l - +0 chain mail
rPois    .         Spirit   .   (no helmet)
rElec    .         Reflect  .   (no cloak)
rCorr    .         Harm     .   (no gloves)
MR       .....                  (no boots)
Stlth    ..........             (no amulet)
HPRegen  0.18/turn              (no ring)
MPRegen  0.10/turn              (no ring)

@: no status effects
A: no striking features
a: no special abilities


You were on level 4 of the Dungeon.
You were not hungry.

You visited 1 branch of the dungeon, and saw 4 of its levels.

You collected 64 gold pieces.

Inventory:

Hand Weapons
 a - a +0 war axe (weapon)
Armour
 c - a +0 shield (worn)
 l - a +0 chain mail (worn)
Jewellery
 h - an uncursed amulet of harm {unknown}
 n - a +3 ring of evasion {unknown}
Scrolls
 b - 2 scrolls of magic mapping
 e - a scroll of immolation {unknown}
 g - 7 scrolls of identify {unknown}
 j - 4 scrolls of remove curse {unknown}
 p - a scroll of teleportation {unknown}
 q - a scroll of random uselessness {unknown}
 s - 2 scrolls of fog {unknown}
 u - a scroll of fear {unknown}
Potions
 i - 3 potions of lignification {unknown}
 k - a potion of agility {unknown}
 m - a potion of berserk rage {unknown}
 o - a potion of curing {unknown}
 r - a potion of flight {unknown}
 t - a potion of resistance {unknown}
Comestibles
 f - 4 rations


   Skills:
 + Level 4.9 Fighting
 * Level 5.8 Axes
 + Level 4.5 Armour
 + Level 4.6 Shields


You had 5 spell levels left.
You didn't know any spells.

Dungeon Overview and Level Annotations

Branches:
Dungeon (4/15)             Temple (0/1) D:4

Altars:
Nemelex Xobeh
Ru

Shops:
D:4 *


Message History

Done waiting.
You climb downwards.
There is a stone staircase leading up here.
As you read the scroll labeled WER DUTZEUGYQ, it crumbles to dust.
You feel aware of your surroundings.
You sensed 1 altar.
It was a scroll of magic mapping.
You see here a club.
All of the chunks of flesh in your inventory have rotted away.
An ogre comes into view. It is wielding a giant club.
You slash the ogre!
The ogre is moderately wounded.
The ogre hits you with a giant club! The ogre hits you with a giant club!!
Your shield and chain mail prevent you from hitting the ogre.
The ogre is moderately wounded.
The ogre barely misses you.
You hit the ogre.
The ogre is moderately wounded.
The ogre hits you with a giant club!!
You die...

*,,**,* #.# #.##........
*****,,**,* #.# #.##........
*,,,,,,**,* #.# #.##........
**,***,,**,* #.# #.##........
***,,,***,**,* #.# *,*#........
,,,,©,,,,,**,* #.# *,*#........
,*******,,**,* #.# *,*.......(.
,*8,©,8*,.##.#####.###.#,*,,,,,,,
,*≈,,,≈*,.......@O.....#,********
,***+***,..#.#####.#####,*
,*≈,,,≈*,,,*,,,,,#.# **+***
,*≈,,,≈*,,,,,,,,,#.# *,,,,*
,*≈≈≈≈≈*,,*******#.# *,,,,*
,*≈≈⌠≈≈*,,,,,,,,,..# *,,,,*
,*≈≈≈≈≈*,,*******### *,,,,*
,*≈≈≈≈≈*,,* *,,,,* ,*≈≈≈≈≈*,,*
*,,,,*


You could see an ogre.

Vanquished Creatures
  The ghost of hpc the Shield-Bearer, an amateur GrFi (D:3)
  A bullfrog (D:3)
  A hound (D:4)
  Robin (D:3)
  6 adders
  2 oozes
  A dart slug (D:1)
  An orc (D:3)
  3 giant cockroaches
  13 goblins
  14 hobgoblins
  4 jackals (D:3)
  4 quokkas
  7 ball pythons
  5 bats
  5 frilled lizards
  9 kobolds
  9 rats
87 creatures vanquished.

Notes
Turn   | Place    | Note
-------+----------+-------------------------------------------
     0 | D:1      | hpc the Hill Orc Fighter began the quest for the Orb.
     0 | D:1      | Reached XP level 1. HP: 19/19 MP: 1/1
    37 | D:1      | Reached skill level 3 in Axes
    40 | D:1      | Reached XP level 2. HP: 12/27 MP: 2/2
   470 | D:1      | Reached XP level 3. HP: 33/33 MP: 3/3
  1166 | D:2      | Reached skill level 4 in Axes
  1166 | D:2      | Reached XP level 4. HP: 30/40 MP: 4/4
  1382 | D:2      | Noticed an ogre
  1440 | D:3      | Found a glowing drain.
  1453 | D:3      | Noticed hpc's ghost (amateur GrFi)
  1470 | D:3      | Killed hpc's ghost
  1470 | D:3      | Reached XP level 5. HP: 22/47 MP: 5/5
  1475 | D:3      | Found a sparkling altar of Nemelex Xobeh.
  1508 | D:3      | Noticed Robin
  1593 | D:3      | Killed Robin
  1593 | D:3      | Reached skill level 5 in Axes
  1733 | D:3      | Found a sacrificial altar of Ru.
  1737 | D:3      | Reached XP level 6. HP: 48/53 MP: 6/6
  2439 | D:4      | Found Kuti's General Store.
  2644 | D:4      | Slain by an ogre

Vault maps used:
D:1:      shiori_shiawase, grunt_decor_fettered
D:3:      lemuel_round_altar, lemuel_crystal_altar, portal_sewer_entry_c,
          kennysheep_generic_room_6, uniq_robin
D:4:      gammafunk_steamed_eel, lemuel_doored_altar, minmay_temple_entry_mist,
          serial_shops, nicolae_shop_behind_doors

Skill      XL: |  1  2  3  4  5 |
---------------+----------------+-----
Axes           | 3 4 5 |  5.8
Fighting       | 4 |  4.9
Armour         | 4 |  4.5
Shields        | 4 |  4.6

Action                   |  1- 3 |  4- 6 || total
-------------------------+-------+-------++-------
Melee: War axe           |    94 |   176 ||   270
  Use: Potion            |       |     1 ||     1
       Scroll            |       |     1 ||     1
  Eat: Chunk             |       |     6 ||     6
Armor: Scale mail        |    25 |       ||    25
       Chain mail        |    21 |    95 ||   116
Dodge: Dodged            |    32 |    32 ||    64
Block: Shield            |    52 |    82 ||   134

Table legend:
 A = Spawn XP
 B = Non-spawn XP
 C = Spawn XP percentage of total XP
 D = Spawn monster count
 E = Non-spawn monster count
 F = Spawn count percentage of total count
 G = Total turns spent on level
                    A         B        C        D         E        F      G
               +---------+---------+-------+---------+---------+-------+---------
         Total |       0 |     465 |   0.0 |       0 |      87 |   0.0 |  2644
               +---------+---------+-------+---------+---------+-------+---------
           D:1 |       0 |      42 |   0.0 |       0 |      24 |   0.0 |   734
           D:2 |       0 |      60 |   0.0 |       0 |      17 |   0.0 |   662
           D:3 |       0 |     304 |   0.0 |       0 |      41 |   0.0 |  1134
           D:4 |       0 |      59 |   0.0 |       0 |       5 |   0.0 |   114
               +---------+---------+-------+---------+---------+-------+---------
